 Seeded DCSS version 0.29.1-15-g9cfb28693d (webtiles) character file.

Game seed: 16245865983455551772 (custom seed)

4 Atreus the Trooper (level 1, 14/19 HPs)
             Began as a Palentonga Berserker on Mar 9, 2023.
             Was a Follower of Trog.
             Quit the game on level 1 of the Dungeon.
             The game lasted 00:00:37 (190 turns).

Atreus the Trooper (Palentonga Berserker)            Turns: 190, Time: 00:00:37

Health: 14/19      AC:  4    Str: 22    XL:     1   Next: 50%
Magic:  1/1        EV:  9    Int:  7    God:    Trog [*.....]
Gold:   0          SH:  0    Dex:  9    Spells: 0/0 levels left

rFire   . . .      SeeInvis +   a - +0 hand axe
rCold   . . .      Faith    .   (no shield)
rNeg    . . .      Spirit   .   b - +0 animal skin
rPois   .          Reflect  .   (no helmet)
rElec   .          Harm     .   (no cloak)
rCorr   .          Rampage  .   (no gloves)
Will    .....                   (no barding)
Stlth   +.........              (no amulet)
HPRegen 0.06/turn               (no ring)
MPRegen 0.07/turn               (no ring)

@: no status effects
A: large, rugged brown scales 3, see invisible, deformed body, roll 1, armoured
tail
a: Rolling Charge, Renounce Religion, Berserk


You were on level 1 of the Dungeon.
You worshipped Trog.
Trog was aware of your devotion.
You visited 1 branch of the dungeon, and saw 1 of its levels.

Inventory:

Hand Weapons
 a - a +0 hand axe (weapon)
Armour
 b - a +0 animal skin (worn)
 e - a +0 crystal plate armour
Jewellery
 c - the amulet of Ded Irchim {Reflect rN+ Slay+3 SH+5}
   (You acquired it on level 1 of the Dungeon)

   [amulet of reflection]

   It reflects blocked missile attacks.
   Slay:      It affects your accuracy & damage with ranged weapons and melee
   (+3).
   rN:        It protects you from negative energy.
   SH:        It affects your SH (+5).
 d - a +6 ring of strength


   Skills:
 + Level 3.1 Fighting
 + Level 3.1 Axes
 + Level 1.6 Armour
 + Level 1.6 Dodging


You couldn't memorise any spells.
You didn't know any spells.
Your spell library was empty.

Dungeon Overview and Level Annotations

Branches:
Dungeon (1/15)

Altars:


Innate Abilities, Weirdness & Mutations

You are completely covered in rugged brown scales. (AC +3, +7% HP)
You have supernaturally acute eyesight. (SInv)
Armour fits poorly on your strangely shaped body.
You can roll at nearby foes to attack.
You have a long armoured tail.


Message History

The goblin hits you but does no damage.
You miss the goblin. The goblin barely misses you.
You hit the goblin.
The goblin is heavily wounded.
The goblin barely misses you.
You miss the goblin. You tail-slap the goblin.
You kill the goblin!
Trog accepts your kill.
c - 3 scrolls labelled WAC GOIFOFITOUPLEC
There are no items here.
This is a scroll of acquirement!
Something appears at your feet!
d - a +6 ring of strength Something appears at your feet!
e - a +0 crystal plate armour Something appears at your feet!
c - the amulet of Ded Irchim {Reflect rN+ Slay+3 SH+5} You aren't carrying any scrolls.
HP restored.
You open the door.
An endoplasm comes into view.
Unknown command.
Unknown command.
Roll where?
Press: ? - help, Q - select action Dir - move target, f - endoplasm
Aim: an endoplasm (asleep)
You roll forward with a clatter of scales!
The endoplasm quivers.
You barely miss the endoplasm.
The endoplasm hits you but does no damage.
The endoplasm freezes you.
You are frozen.
Cleave: a) +0 hand axe
Press: ? - help, Dir - move target, f/p - endoplasm
Aim: an endoplasm (about 15% to evade your +0 hand axe)
You slash the endoplasm!
You kill the endoplasm!
Trog accepts your kill.
Unknown command.
Are you sure you want to abandon this character and quit the game? (Confirm with "yes".)

#......#####.#.###.##.#......
#.####..................#..#.
#.# ######....###.##...#..#
#.# #.....###.#...###.## #.#
##........#...# #..# #.#
##.#######..## ##)# #.# #.#
#..#.r #.. #.# #°# #.##...##.
#####.##### #@# ..#.... #.
#.........# #...# #.....#.
#.###..##.# #.....# ........
#.###.#.#.# #.......#
#..#..##
#.##.###..##.........#
........
#.##..################
#####.. #.###..# ##. #......#
##### ##### ##### ####..
#####..# #...# #...# #...#
#....#


There were no monsters in sight!

Vanquished Creatures
  2 endoplasms (D:1)
  A goblin (D:1)
3 creatures vanquished.

Notes
Turn   | Place    | Note
-------+----------+-------------------------------------------
     0 | D:1      | Atreus the Palentonga Berserker began the quest for the
                  | Orb.
     0 | D:1      | Reached XP level 1. HP: 19/19 MP: 1/1
    51 | D:1      | Identified 3 scrolls of acquirement
    51 | D:1      | Acquired a +6 ring of strength
    53 | D:1      | Acquired a +0 crystal plate armour
    55 | D:1      | Acquired the amulet of Ded Irchim {Reflect rN+ Slay+3 SH+5}
   190 | D:1      | Quit the game

Illustrated notes

Levels and vault maps discovered:
D:1:      minmay_arrival_hallway, layout_loops_corners, basic_ecumenical_altar,
          minmay_unequal

Action                   || total
-------------------------++-------
Melee: Hand axe          ||     8
       Tailslap          ||     2
 Abil: Rolling Charge    ||     2
  Use: Scroll            ||     3
Armor: Animal skin       ||     4
Dodge: Dodged            ||     3
